 Dungeon Crawl Stone Soup version 0.32-a0-422-g28b100f618 (webtiles) character file.

Game seed: 6806205084737583338

223 Bravepunisher the Fiendish (level 5, -1/40 HPs)
             Began as a Spriggan Monk on Feb 21, 2024.
             Was a Priest of Makhleb.
             Succumbed to a scorpion's poison
             ... on level 4 of the Dungeon.
             The game lasted 00:08:46 (3065 turns).

Bravepunisher the Fiendish (Spriggan Monk)          Turns: 3065, Time: 00:08:47

Health: -1/40      AC:  2    Str:  7    XL:     5   Next: 66%
Magic:  9/9        EV: 19    Int: 12    God:    Makhleb [***...]
Gold:   113        SH:  0    Dex: 19    Spells: 4/4 levels left

rFire   + . .        a - +0 short sword
rCold   . . .        (no shield)
rNeg    . . .        b - +0 robe
rPois   .            (helmet restricted)
rElec   .            (no cloak)
rCorr   .            (gloves unavailable)
SInv    +            (boots unavailable)
Will    .....        (no amulet) Stlth
                     f - ring of protection from fire
HPRegen 0.26/turn    (no ring)
MPRegen 0.11/turn

%: no passive effects
@: berserking, lethally poisoned (-1 -> -14), hasted, very quick
A: very small, no large weapons, unfitting armour, see invisible, speed 3
a: Renounce Religion, Minor Destruction, Lesser Servant of Makhleb


You were on level 4 of the Dungeon.
You worshipped Makhleb.
Makhleb was most pleased with you.
You visited 2 branches of the dungeon, and saw 6 of its levels.

You collected 113 gold pieces.

Inventory:

Hand Weapons
 a - a +0 short sword (weapon)
Armour
 b - a +0 robe (worn)
Jewellery
 f - a ring of protection from fire (left hand)
 j - a ring of resist corrosion
 t - a ring of ice
 u - an amulet of faith
Scrolls
 i - a scroll of blinking {unknown}
 k - 2 scrolls of silence {unknown}
 m - 4 scrolls of teleportation {unknown}
 p - 2 scrolls of vulnerability {unknown}
 v - a scroll of fog {unknown}
Potions
 c - a potion of ambrosia
 d - a potion of haste
 e - a potion of berserk rage
 g - 2 potions of attraction {unknown}
 h - a potion of brilliance {unknown}
 l - a potion of lignification {unknown}
 n - a potion of cancellation {unknown}
 o - 2 potions of curing {unknown}
 q - a potion of heal wounds {unknown}
 r - a potion of degeneration {unknown}
 s - a potion of invisibility {unknown}
 w - a potion of magic {unknown}


   Skills:
 - Level 2.6 Fighting
 - Level 3.2 Short Blades
 - Level 4.5 Dodging
 * Level 5.1 Invocations


You had 4 spell levels left.
You didn't know any spells.
Your spell library contained the following spells:

 Spells                   Type           Power      Damage    Failure   Level
 Cigotuvi's Dreadful Rot  Necr/Alch/Air  0%         N/A       45%         2
 Tukima's Dance           Hex            0%         N/A       69%         3
 Dimensional Bullseye     Hex/Tloc       0%         N/A       97%         4
 Ignite Poison            Fire/Alch      0%         N/A       97%         4
 Iskenderun's Mystic Bla  Conj/Tloc      0%         2d3       97%         4
 Freezing Cloud           Conj/Ice/Air   0%         6-21      100%        5


Dungeon Overview and Level Annotations

Branches:
Dungeon (5/15)             Temple (1/1) D:5

Altars:
Ashenzari
Cheibriados
Elyvilon
Fedhas
Gozag
Hepliaklqana
Kikubaaqudgha
Makhleb
Nemelex Xobeh
Okawaru
Qazlal
Ru
Sif Muna
Trog
Uskayaw
Vehumet
Wu Jian
Xom
Yredelemnul
Zin
The Shining One

Annotations:
D:4 Edmund


Innate Abilities, Weirdness & Mutations

You are very small and have problems with some larger weapons.
You are too small for most types of armour.
You have supernaturally acute eyesight. (SInv)
You cover ground extremely quickly. (Speed+++)


Message History

The scorpion is heavily wounded.
Aiming: Minor Destruction (1% risk of failure)
Press: ? - help, Shift-Dir - straight line, f/p - scorpion
Aim: a scorpion (heavily wounded)
The scorpion resists with significant effort.
Aiming: Minor Destruction (1% risk of failure)
Press: ? - help, Shift-Dir - straight line, f/p - scorpion
Aim: a scorpion (heavily wounded)
The puff of flame misses the scorpion.
The puff of flame hits the adder.
The adder is heavily wounded.
The scorpion closely misses you. The scorpion stings you.
You are poisoned.
The scorpion poisons you!
You feel sick.
Aiming: Minor Destruction (1% risk of failure)
Press: ? - help, Shift-Dir - straight line, f/p - scorpion
Aim: a scorpion (heavily wounded)
The stone arrow misses the scorpion.
You feel very sick.
Aiming: Minor Destruction (1% risk of failure)
Press: ? - help, Shift-Dir - straight line, f/p - scorpion
Aim: a scorpion (heavily wounded)
The puff of flame misses the scorpion.
You feel sick. The scorpion completely misses you. The scorpion stings you.
* * * LOW HITPOINT WARNING * * *
You are lethally poisoned!
The scorpion poisons you!
It was a potion of haste.
You feel yourself speed up.
* * * LOW HITPOINT WARNING * * *
You feel very sick.
The scorpion stings you but does no damage.
It was a potion of berserk rage.
A red film seems to cover your vision as you go berserk!
You feel yourself moving faster!
You feel mighty!
* * * LOW HITPOINT WARNING * * *
You feel very sick. The scorpion misses you.
You are too berserk!
You feel a strong urge to attack something.
You die...

#........#
##.......###
#.##..##.# ##.....##
#.###.##.#
#####...##
#........# #.. ....#
#####.#### #.# #.#.#
#.# #.# #.#.# #S#
#.# ##.#.####
#s######.###...#....
#..@............####
########.###...(#
#........#
##########


You could see a scorpion.

Vanquished Creatures
  A bombardier beetle (D:3)
  9 adders
  3 dart slugs
  5 ball pythons
  9 endoplasms
  A giant cockroach (D:3)
  4 goblins
  8 hobgoblins
  2 quokkas
  7 bats
  3 frilled lizards (D:1)
  2 kobolds
  8 rats
62 creatures vanquished.

Notes
Turn   | Place    | Note
-------+----------+-------------------------------------------
     0 | D:1      | Bravepunisher the Spriggan Monk began the quest for the
                  | Orb.
     0 | D:1      | Reached XP level 1. HP: 11/11 MP: 2/2
   103 | D:4      | Found a broken altar of Ashenzari.
   103 | D:4      | Noticed an iguana
   126 | D:4      | Noticed an orc priest
   317 | D:4      | Noticed a scorpion
   352 | D:4      | Found a sand-covered staircase.
   387 | D:4      | Reached XP level 2. HP: 13/16 MP: 3/3
   611 | D:4      | Noticed Edmund
   649 | D:5      | Entered Level 5 of the Dungeon
   649 | D:5      | Noticed a phantom
   656 | D:5      | Noticed an ogre
   686 | D:5      | Found a staircase to the Ecumenical Temple.
   693 | Temple   | Entered the Ecumenical Temple
   699 | Temple   | Became a worshipper of Makhleb the Destroyer
   699 | Temple   | Reached * piety under Makhleb
   699 | Temple   | Reached ** piety under Makhleb
   911 | D:3      | Reached skill level 1 in Invocations
   961 | D:3      | Found a sparkling altar of Nemelex Xobeh.
  1070 | D:3      | Reached XP level 3. HP: 16/19 MP: 5/5
  1135 | D:3      | Reached skill level 2 in Invocations
  1219 | D:3      | Reached skill level 3 in Invocations
  1219 | D:3      | Reached XP level 4. HP: 22/23 MP: 7/7
  1528 | D:1      | Found a faded altar of an unknown god.
  1561 | D:1      | Reached skill level 4 in Invocations
  1710 | D:1      | Reached *** piety under Makhleb
  1951 | D:1      | Reached XP level 5. HP: 26/27 MP: 9/9
  2729 | D:3      | Reached skill level 5 in Invocations
  3064 | D:4      | HP: 1/40 [poisoned by a scorpion]
  3065 | D:4      | Succumbed to a scorpion's poison

Illustrated notes

Levels and vault maps discovered:
D:1:      dpeg_arrival_long_road, layout_basic, ebering_ecumenical_altar_box,
          hangedman_decor_points
D:2:      layout_basic, solitary_fountain, small_statue_intersection
D:3:      layout_basic, nemelex_altar_shiori, nicolae_half_adder
D:4:      layout_loops_corners, ashenzari_conservatory_becter,
          chequers_ossuary_entry_cave, uniq_edmund
D:5:      layout_layer_cave, minmay_temple_entry_statues_pillars
Temple:   nicolae_temple_bog_church

Skill      XL: |  1  2  3  4  5 |
---------------+----------------+-----
Invocations    | 1 3 4 5 |  5.1
Fighting       | |  2.6
Short Blades   | |  3.2
Dodging        | |  4.5

Action                     |  1- 3 |  4- 6 || total
---------------------------+-------+-------++-------
  Melee: Short sword       |    29 |     6 ||    35
 Invoke: Minor Destruction |    19 |   103 ||   122
    Use: Potion            |       |     2 ||     2
 Armour: Robe              |    13 |     4 ||    17
  Dodge: Dodged            |    35 |    20 ||    55

Table legend: (Time is in decaauts)
 A = Elapsed time spent in this place.
 B = Non-inter-level travel time spent in this place.
 C = Inter-level travel time spent in this place.
 D = Time resting spent in this place.
 E = Time spent auto-exploring this place.
 F = Levels seen in this place.
 G = Mean time per level.
                   A        B        C        D        E       F      G
               +--------+--------+--------+--------+--------+-----+--------+
         Total |   2057 |   2027 |     30 |     19 |   1376 |   6 |  342.8 |
       Dungeon |   2048 |   2021 |     27 |     19 |   1376 |   5 |  409.6 |
        Temple |      8 |      5 |      3 |      0 |      0 |   1 |    8.0 |
               +--------+--------+--------+--------+--------+-----+--------+

Top non-repeatable levels by time:
     D:3: 696 daAuts
     D:1: 536 daAuts
     D:4: 429 daAuts
     D:2: 352 daAuts
     D:5: 33 daAuts
  Temple: 8 daAuts
